 Dungeon Crawl Stone Soup version 0.20.0-15-g7f486f2 (webtiles) character file.

548 vishdafish the Shield-Bearer (level 7, -2/44 HPs)
             Began as a Gargoyle Fighter on June 19, 2017.
             Was an Initiate of Okawaru.
             Slain by Edmund
             ... wielding a +0 dire flail of crushing
              (3 damage)
             ... on level 5 of the Dungeon.
             The game lasted 00:07:52 (4161 turns).

vishdafish the Shield-Bearer (Gargoyle Fighter)     Turns: 4161, Time: 00:07:53

Health: -2/44      AC: 13    Str: 25    XL:     7   Next: 28%
Magic:  7/7        EV:  8    Int:  9    God:    Okawaru [......]
Gold:   205        SH: 10    Dex: 10    Spells: 6/6 levels left

rFire    . . .     SeeInvis .   a - +0 flail
rCold    . . .     Gourm    .   c - +0 shield
rNeg     + . .     Faith    .   b - +0 scale mail
rPois    ∞         Spirit   .   (no helmet)
rElec    +         Reflect  .   e - +0 cloak
rCorr    .         Harm     .   (no gloves)
MR       .....                  (no boots)
Stlth    ..........             (no amulet)
Regen    0.2/turn               (no ring)
MPRegen  0.1/turn               (no ring)

@: mighty
A: negative energy resistance 1, electricity resistance, unbreathing,
petrification resistance, rot immunity, AC +4
a: Renounce Religion


You were on level 5 of the Dungeon.
You worshipped Okawaru.
Okawaru was noncommittal.
You were not hungry.

You visited 2 branches of the dungeon, and saw 6 of its levels.

You collected 205 gold pieces.

Inventory:

Hand Weapons
 a - a +0 flail (weapon)
Armour
 b - a +0 scale mail (worn)
 c - a +0 shield (worn)
 e - a +0 cloak (worn)
Wands
 y - a wand of iceblast (1/15)
Scrolls
 g - a scroll of fear {unknown}
 i - 2 scrolls of noise {unknown}
 j - a scroll of magic mapping {unknown}
 k - a scroll of random uselessness {unknown}
 m - 2 scrolls of immolation {unknown}
 n - 4 scrolls of remove curse {unknown}
 p - a scroll of enchant armour {unknown}
 r - 3 scrolls of identify {unknown}
 t - 2 scrolls of teleportation {unknown}
 w - a scroll of amnesia {unknown}
 x - a scroll of fog {unknown}
Potions
 l - 2 potions of curing {unknown}
 q - 2 potions of lignification {unknown}
 s - a potion of flight {unknown}
 u - 2 potions of magic {unknown}
 v - 2 potions of ambrosia {unknown}
Comestibles
 f - a bread ration
 h - 2 meat rations
 o - a royal jelly


   Skills:
 + Level 4.5 Fighting
 + Level 5.0 Maces & Flails
 + Level 4.1 Armour
 + Level 1.3 Dodging
 + Level 0.2 Stealth
 + Level 5.5 Shields


You had 6 spell levels left.
You didn't know any spells.

Dungeon Overview and Level Annotations

Branches:
Dungeon (5/15)             Temple (1/1) D:5

Altars:
Ashenzari
Cheibriados
Dithmenos
Elyvilon
Gozag
Hepliaklqana
Kikubaaqudgha
Makhleb
Nemelex Xobeh
Okawaru
Qazlal
Ru
Sif Muna
Trog
Uskayaw
Vehumet
Xom
Zin
The Shining One

Annotations:
D:5 Edmund


Innate Abilities, Weirdness & Mutations

You are resistant to torment.
Your stone body is resilient. (AC +4)
You are immune to poison.
You resist negative energy. (rN+)
You are resistant to electric shocks. (rElec)
You can survive without breathing.
You are immune to petrification.
You are immune to rotting.


Message History

You hit Edmund.
Edmund is severely wounded.
You block Edmund's attack. x2
You closely miss Edmund.
Edmund is severely wounded.
You block Edmund's attack.
You closely miss Edmund.
Edmund is severely wounded.
You block Edmund's attack.
You closely miss Edmund.
Edmund is severely wounded.
You block Edmund's attack.
You barely miss Edmund.
Edmund is severely wounded.
Edmund hits you with a dire flail of crushing!
* * * LOW HITPOINT WARNING * * *
x2 You feel very mighty all of a sudden.
Edmund hits you with a dire flail of crushing!
* * * LOW HITPOINT WARNING * * *
You die...

..... ....# #####
....# #.#. ..?.. ....#
#.#.. .....# ....#
##.#.# .....# .....
#....# #.....# .....
#....##.<....# .....
.###......@.....#
###..
.........@......# ..
.............#### . ##
###.....###..# ..
...#≈≈≈≈≈≈≈≈≈#..#
....#..#≈#.....#≈#.###
.####...≈.......≈....#
.# #...≈.......≈..#.#
#...≈...>...≈..#
##..≈.......≈..#.


You could see Edmund.

Vanquished Creatures
  An ogre (D:5)
  A scorpion (D:4)
  2 howler monkeys
  An orc wizard (D:5)
  Jessica (D:2)
  2 worker ants
  3 gnolls (D:5)
  10 adders
  2 oozes (D:4)
  2 worms (D:2)
  A dart slug (D:1)
  5 leopard geckos
  5 orcs
  2 ball pythons
  9 bats
  8 giant cockroaches
  5 goblins
  11 hobgoblins
  11 jackals
  7 kobolds
  6 quokkas
  2 frilled lizards (D:1)
  6 rats
103 creatures vanquished.

Vanquished Creatures (others)
  A quokka (D:5)
  A plant (D:2)
2 creatures vanquished.

Grand Total: 105 creatures vanquished

Notes
Turn   | Place    | Note
-------+----------+-------------------------------------------
     0 | D:1      | vishdafish the Gargoyle Fighter began the quest for the Orb.
     0 | D:1      | Reached XP level 1. HP: 14/14 MP: 1/1
   139 | D:1      | Reached XP level 2. HP: 19/19 MP: 2/2
   562 | D:1      | Reached XP level 3. HP: 17/24 MP: 3/3
   673 | D:2      | Noticed Jessica
   695 | D:2      | Killed Jessica
   695 | D:2      | Reached XP level 4. HP: 13/29 MP: 4/4
   883 | D:2      | Found a glowing silver altar of Zin.
  1358 | D:2      | Found a hazy altar of Hepliaklqana.
  1492 | D:2      | Reached XP level 5. HP: 28/33 MP: 5/5
  1593 | D:2      | Found a hide-covered altar of Uskayaw.
  2242 | D:3      | Found a radiant altar of Vehumet.
  2964 | D:4      | Reached skill level 1 in Dodging
  2964 | D:4      | Reached XP level 6. HP: 39/39 MP: 6/6
  3333 | D:4      | Reached skill level 5 in Shields
  3475 | D:5      | Entered Level 5 of the Dungeon
  3476 | D:5      | Found a white marble altar of Elyvilon.
  3578 | D:5      | Found a white marble altar of Elyvilon.
  3587 | D:5      | Reached XP level 7. HP: 20/44 MP: 7/7
  3868 | D:5      | Found a staircase to the Ecumenical Temple.
  3887 | D:5      | Reached skill level 5 in Maces & Flails
  3911 | Temple   | Entered the Ecumenical Temple
  4099 | Temple   | Became a worshipper of Warmaster Okawaru
  4135 | D:5      | Noticed Edmund
  4161 | D:5      | HP: 1/44 [Edmund/dire flail of crushing (8)]
  4161 | D:5      | Slain by Edmund

Skill      XL: |  1  2  3  4  5  6  7 |
---------------+----------------------+-----
Maces & Flails | 3 4 5 |  5.0
Shields        | 4 5 |  5.5
Fighting       | 4 |  4.5
Dodging        | 1 |  1.3
Armour         | 4 |  4.1
Stealth        | |  0.2

Action                   |  1- 3 |  4- 6 |  7- 9 || total
-------------------------+-------+-------+-------++-------
Melee: Flail             |    84 |   360 |    70 ||   514
  Use: Potion            |       |       |     1 ||     1
  Eat: Meat ration       |       |     1 |       ||     1
       Bread ration      |       |     1 |     1 ||     2
Armor: Scale mail        |    49 |   300 |    29 ||   378
Dodge: Dodged            |    31 |   128 |    31 ||   190
Block: Shield            |    53 |   236 |    50 ||   339
